Selects Airborne Battlegroup
Construct Weapon Support Center
Selects Paratrooper Squad Paradrop
M3 Armored Personnel Carrier
M3 Armored Personnel Carrier
Selects Anti-tank Gun Team Paradrop
Anti-tank Gun Team Paradrop
Paratrooper Squad Paradrop
M3 Armored Personnel Carrier
Selects Carpet Bombing Run
M18 Hellcat Tank Destroyer
M18 Hellcat Tank Destroyer
M18 Hellcat Tank Destroyer
Anti-tank Gun Team Paradrop
M18 Hellcat Tank Destroyer
Paratrooper Squad Paradrop
M18 Hellcat Tank Destroyer
M18 Hellcat Tank Destroyer
Paratrooper Squad Paradrop
Paratrooper Squad Paradrop
Paratrooper Squad Paradrop